[Event "Team 45 45 League T51"]
[Site "Internet Chess Club"]
[Date "2011.12.05"]
[Round "4"]
[White "Deckfuel"]
[Black "FlyingTiger"]
[Result "1-0"]
[WhiteElo "2000"]
[BlackElo "1790"]
[Opening "Sicilian: accelerated fianchetto, modern variation with Bc4"]
[ECO "B35"]
[Time "19:00:11"]
[TimeControl "2700+45"]

1. e4 c5 2. Nf3 g6 3. d4 cxd4 4. Nxd4 Nc6 5. Nc3 Bg7 6. Be3 Nf6 7. Bc4 O-O 8.
Bb3 a5 9. a4 Ng4 10. Nxc6 Nxe3 11. fxe3 Bxc3+ 12. bxc3 dxc6 13. Qf3 Qd6 14. O-O
Be6 15. Rad1 Qe5 16. Rd3 Rad8 17. Qd1 Rd6 18. Qb1 Qxe4 19. Rf4 Qe5 20. Qf1 b5
21. Bxe6 Qxe6 22. Rfd4 Rfd8 23. Qa1 Qe5 24. axb5 Qxb5 25. c4 Qe5 26. c3 Qc5 27.
Qa4 Qb6 28. h3 h5 29. Qa3 Rxd4 30. cxd4 c5 31. Rb3 Qe6 32. Qxa5 Rc8 33. d5 Qf5
34. Qc3 Ra8 35. Rb2 Ra1+ 36. Kh2 Ra8 37. Rb5 Rc8 38. Rb7 Qe4 39. Rb2 Rd8 40. Rf2
Qb1 41. Qa5 Qb8+ 42. Kg1 Rc8 43. Qc3 Qb1+ 44. Rf1 Qe4 45. Rf4 Qb1+ 46. Kh2 Qb8
47. h4 Qd6 48. Qe1 Qe5 49. Qg3 Rd8 50. Rf3 Qxg3+ 51. Kxg3 f5 52. Kf4 Ra8 53. Ke5
Ra6 54. e4 fxe4 55. Kxe4 e6 56. dxe6 Rxe6+ 57. Kd5 Re2 58. g3 Rd2+ 59. Kxc5 Rc2
60. Kd5 Rd2+ 61. Kc6 {Black resigns} 1-0

[Event "Team 45 45 League T51"]
[Site "Internet Chess Club"]
[Date "2011.12.01"]
[Round "4"]
[White "chess9793"]
[Black "SlimeDog2"]
[Result "1/2-1/2"]
[WhiteElo "2171"]
[BlackElo "2106"]
[Opening "Petrov: Nimzovich attack"]
[ECO "C42"]
[Time "23:00:52"]
[TimeControl "2700+45"]

1. e4 e5 2. Nf3 Nf6 3. Nxe5 d6 4. Nf3 Nxe4 5. Nc3 Nxc3 6. dxc3 Be7 7. Be3 Nc6 8.
Qd2 Be6 9. O-O-O Qd7 10. Bb5 a6 11. Be2 O-O-O 12. Nd4 Ne5 13. Nxe6 Qxe6 14. Kb1
Ng4 15. Bxg4 Qxg4 16. f3 Qf5 17. Rhe1 Bf6 18. Bd4 Rhe8 19. Qf2 Bxd4 20. Qxd4 f6
21. Qa7 Qb5 22. Qd4 Rxe1 23. Rxe1 Re8 {Game drawn by mutual agreement} 1/2-1/2

[Event "Team 45 45 League T51"]
[Site "Internet Chess Club"]
[Date "2011.12.01"]
[Round "4"]
[White "cysk"]
[Black "wilson97"]
[Result "0-1"]
[WhiteElo "1727"]
[BlackElo "1887"]
[Opening "Sicilian: closed, 2...Nc6"]
[ECO "B23"]
[Time "22:49:41"]
[TimeControl "2700+45"]

1. e4 c5 2. Nc3 Nc6 3. Bb5 Nd4 4. Bc4 d6 5. Nge2 Nxe2 6. Qxe2 e6 7. O-O Be7 8.
d3 Nf6 9. f4 O-O 10. a4 d5 11. exd5 exd5 12. Nxd5 Nxd5 13. Bxd5 Qxd5 14. Qxe7
Bd7 15. Qe5 Qc6 16. Be3 b6 17. Qc3 Rfe8 18. Rf3 f5 19. Rg3 g6 20. a5 Kf7 21. b3
Rg8 22. d4 Rac8 23. axb6 axb6 24. dxc5 bxc5 25. Ra5 c4 26. Rc5 Qd6 27. Qxc4+ Be6
28. Qd4 Qa6 29. Rxc8 Rxc8 30. c4 Rc7 31. Qh8 Qa5 32. Qxh7+ Kf8 33. Qh8+ Kf7 34.
Kf1 Rd7 35. Bd4 Re7 36. Qf6+ Ke8 37. Rxg6 Bxc4+ 38. Kf2 Qe1+ {White resigns} 0-1

[Event "Team 45 45 League T51"]
[Site "Internet Chess Club"]
[Date "2011.11.30"]
[Round "4"]
[White "e4master"]
[Black "Eyechess"]
[Result "0-1"]
[WhiteElo "1743"]
[BlackElo "1973"]
[Opening "Scandinavian (center counter) defense"]
[ECO "B01"]
[Time "21:00:53"]
[TimeControl "2700+45"]

1. e4 d5 2. exd5 Qxd5 3. Nc3 Qa5 4. d4 c6 5. Nf3 Bg4 6. Bc4 Qf5 7. a4 Bxf3 8.
Qxf3 Qxf3 9. gxf3 Nd7 10. Bf4 e6 11. Rb1 Nb6 12. Bb3 Ne7 13. Ne4 Nf5 14. c3 Nd5
15. Bd2 O-O-O 16. Bc2 g6 17. b4 Bh6 18. b5 Bxd2+ 19. Kxd2 cxb5 20. Rxb5 Nh4 21.
Bd1 Rhe8 22. Nc5 b6 23. Nd3 Re7 24. a5 a6 25. Rb3 b5 26. Nc5 Rd6 27. Re1 Rc7 28.
Nd3 Rdc6 29. Nc5 Nf4 30. Be2 Rd6 31. Ne4 Rd8 32. Rd1 f5 33. Ng3 e5 34. Rb4 Nd5
35. Rb3 exd4 36. cxd4 Nf4 37. Ke1 Ne6 38. d5 Nf4 39. Rb4 Nhg2+ 40. Kf1 Rxd5 41.
Rbd4 Rxd4 42. Rxd4 Rc1+ 43. Bd1 b4 44. Ne2 b3 45. Rd2 Ra1 46. Nc3 Nh4 47. Rd4 g5
48. Rc4+ Kd7 49. Rd4+ Kc6 50. Rc4+ Kd6 51. Rb4 Nxf3 52. Rb6+ Kc5 53. Rxa6 b2 54.
Rb6 Kc4 55. Rxb2 Kxc3 56. Rc2+ Kd3 {White resigns} 0-1

[Event "Team 45 45 League T51"]
[Site "Internet Chess Club"]
[Date "2011.12.05"]
[Round "4"]
[White "otherook"]
[Black "Grenadier"]
[Result "0-1"]
[WhiteElo "1791"]
[BlackElo "1749"]
[Opening "English, 1...Nf6 (Anglo-Indian defense)"]
[ECO "A15"]
[Time "22:00:20"]
[TimeControl "2700+45"]

1. c4 Nf6 2. g3 g6 3. Bg2 Bg7 4. Nc3 O-O 5. Nf3 d6 6. O-O e5 7. d4 exd4 8. Nxd4
c6 9. e4 Bg4 10. Qd3 Na6 11. Bf4 Nc5 12. Qd2 Ne6 13. Nxe6 Bxe6 14. b3 Qa5 15.
Bxd6 Rfd8 16. e5 Ne8 17. b4 Qa6 18. c5 Bxe5 19. Ne4 Bxa1 20. Rxa1 Qc4 21. Qh6
Rxd6 22. cxd6 Qd4 23. Re1 Qxb4 24. Rd1 Bd7 25. Bh3 Bxh3 26. Qxh3 Nxd6 {White
forfeits on time} 0-1

[Event "Team 45 45 League T51"]
[Site "Internet Chess Club"]
[Date "2011.12.05"]
[Round "4"]
[White "zepled37"]
[Black "Razorbackchess"]
[Result "0-1"]
[WhiteElo "1627"]
[BlackElo "1738"]
[Opening "Sicilian: Pelikan, Chelyabinsk variation"]
[ECO "B33"]
[Time "20:09:14"]
[TimeControl "2700+45"]

1. e4 c5 2. Nf3 Nc6 3. d4 cxd4 4. Nxd4 Nf6 5. Nc3 e5 6. Ndb5 d6 7. Bg5 a6 8. Na3
b5 9. Nd5 Be7 10. Bxf6 Bxf6 11. c3 Bg5 12. Be2 Ne7 13. O-O O-O 14. Nc2 Nxd5 15.
exd5 f5 16. a4 bxa4 17. Rxa4 a5 18. b4 Bd7 19. b5 f4 20. c4 Bh6 21. Na1 Qg5 22.
Nb3 e4 23. Re1 Bh3 24. Bf1 Bxg2 25. Re2 Bf3+ 26. Bg2 Qxg2# {White checkmated}
0-1

[Event "Team 45 45 League T51"]
[Site "Internet Chess Club"]
[Date "2011.12.04"]
[Round "4"]
[White "Invicta-Knight"]
[Black "bmw2002"]
[Result "1-0"]
[WhiteElo "1481"]
[BlackElo "1562"]
[Opening "Caro-Kann defense"]
[ECO "B15"]
[Time "12:21:11"]
[TimeControl "2700+45"]

1. e4 c6 2. d4 d5 3. Nc3 dxe4 4. Nxe4 Nf6 5. Ng3 e6 6. Bg5 Be7 7. Nf3 O-O 8. Bd3
c5 9. dxc5 Qa5+ 10. Nd2 Qxc5 11. Bxf6 Bxf6 12. Nge4 Qe7 13. Nxf6+ Qxf6 14. c3
Nc6 15. Qf3 Ne5 16. Qxf6 Nxd3+ 17. Ke2 gxf6 18. Kxd3 e5 19. Ne4 Rd8+ 20. Ke3 Kg7
21. Rad1 Be6 22. b3 Rac8 23. c4 b6 24. Nd6 Rb8 25. Rd3 Kg6 26. Rhd1 Rd7 27. Nb5
Rxd3+ 28. Rxd3 Rb7 29. f3 f5 30. Rd8 a6 31. Nd6 Rd7 32. Rg8+ Kf6 33. Ne8+ Ke7
34. Ng7 f4+ 35. Ke2 Rd8 36. Rxd8 Kxd8 37. Nxe6+ fxe6 38. Kd3 Kd7 39. Ke4 Kd6 40.
a3 h6 41. h3 b5 42. cxb5 axb5 43. b4 h5 44. h4 Kc6 45. Kxe5 Kd7 46. Kxf4 Kd6 47.
Ke4 e5 48. g4 hxg4 49. fxg4 Ke6 50. g5 Kd6 51. h5 {Black resigns} 1-0

[Event "Team 45 45 League T51"]
[Site "Internet Chess Club"]
[Date "2011.12.03"]
[Round "4"]
[White "GoIrish"]
[Black "Whalen"]
[Result "1-0"]
[WhiteElo "1629"]
[BlackElo "1600"]
[Opening "Réti: King's Indian attack"]
[ECO "A08"]
[Time "13:00:17"]
[TimeControl "2700+45"]

1. Nf3 c5 2. g3 d5 3. Bg2 Nc6 4. O-O g6 5. d3 Bg7 6. Nbd2 Nf6 7. e4 O-O 8. exd5
Qxd5 9. Qe2 Bg4 10. c3 Qd6 11. Nc4 Qc7 12. Bf4 e5 13. Ncxe5 Nxe5 14. Qxe5 Qb6
15. Qc7 Qxb2 16. Qxc5 Nd7 17. Qg5 Bf5 18. Qe7 Bxc3 19. Rfb1 Qc2 20. Rc1 Qxd3 21.
Rd1 Qa6 22. Rac1 Qa4 23. Rxd7 Bxd7 24. Rxc3 Rfe8 25. Qa3 Qd1+ 26. Bf1 Rac8 27.
Rd3 Qa1 28. Rxd7 Rc3 29. Qd6 Rxf3 30. Kg2 Qc3 31. Qd5 Re6 32. Qxf3 Qxf3+ 33.
Kxf3 Rb6 34. Bc4 Rf6 35. Ke4 {Black resigns} 1-0

[Event "Team 45 45 League T51"]
[Site "Internet Chess Club"]
[Date "2011.12.05"]
[Round "4"]
[White "SugarIslander"]
[Black "randallsr"]
[Result "0-1"]
[WhiteElo "1649"]
[BlackElo "1697"]
[Opening "Queen's pawn: Keres defense"]
[ECO "A40"]
[Time "20:00:27"]
[TimeControl "2700+45"]

1. d4 e6 2. c4 b6 3. Nc3 Bb7 4. e3 Nf6 5. Nf3 Be7 6. Bd3 O-O 7. O-O d6 8. d5 Ng4
9. h3 Ne5 10. Nxe5 dxe5 11. e4 Bc8 12. Be3 Bg5 13. Qd2 Be7 14. f4 exf4 15. Bxf4
Bd6 16. e5 Bb4 17. Qc2 Qh4 18. Ne4 exd5 19. Bg5 Qh5 20. cxd5 Ba6 21. Rf3 Bxd3
22. Qxd3 Nd7 23. e6 fxe6 24. Rxf8+ Rxf8 25. dxe6 Nc5 26. Nxc5 Bxc5+ 27. Be3 Re8
28. Re1 Rxe6 29. g4 Qe5 30. Kf2 Qh2+ 31. Kf3 Qxh3+ 32. Kf4 Qh2+ 33. Kf3 Rf6+ 34.
Ke4 Qg2+ 35. Ke5 Qg3+ 36. Ke4 Qxg4+ 37. Kd5 Rd6+ 38. Ke5 Rxd3 {White resigns}
0-1

[Event "Team 45 45 League T51"]
[Site "Internet Chess Club"]
[Date "2011.12.03"]
[Round "4"]
[White "Sirian"]
[Black "rom1"]
[Result "1-0"]
[WhiteElo "1587"]
[BlackElo "1598"]
[Opening "Bird: From gambit"]
[ECO "A02"]
[Time "09:02:18"]
[TimeControl "2700+45"]

1. f4 e5 2. f5 Nf6 3. d3 d5 4. Bg5 Bxf5 5. e3 h6 6. Bh4 Be7 7. Bxf6 Bxf6 8. Nd2
Nc6 9. Qe2 Qd7 10. O-O-O Bg4 11. Ngf3 O-O-O 12. h3 Be6 13. Nb3 Nb4 14. a3 Na6
15. d4 e4 16. Nfd2 c6 17. g4 Qe7 18. Kb1 Bh4 19. Na5 Nb8 20. Bg2 Qc7 21. Nab3
Nd7 22. Rhf1 Nb6 23. Nc5 Rhf8 24. Ndb3 Nc4 25. Bxe4 dxe4 26. Nxe6 fxe6 27. Qxc4
Qd6 28. Nc5 Qd5 29. Qa4 Be7 30. c4 Qd7 31. Nxd7 {Black resigns} 1-0

[Event "Team 45 45 League T51"]
[Site "Internet Chess Club"]
[Date "2011.12.06"]
[Round "4"]
[White "oldsj"]
[Black "werty"]
[Result "1-0"]
[WhiteElo "1457"]
[BlackElo "1511"]
[Opening "French: exchange variation"]
[ECO "C01"]
[Time "15:01:17"]
[TimeControl "2700+45"]

1. e4 e6 2. d4 d5 3. exd5 exd5 4. c4 Bb4+ 5. Nc3 Nf6 6. Bd3 O-O 7. Ne2 c6 8. O-O
Bg4 9. f3 Bh5 10. Ng3 Bg6 11. Bf4 Bxd3 12. Qxd3 Nbd7 13. c5 Bxc3 14. Qxc3 b5 15.
Nf5 Nh5 16. Bd6 Re8 17. Rae1 Qf6 18. Ne7+ Kh8 19. Nxc6 g6 20. Ne5 Qe6 21. Ng4
Qf5 22. Nh6 Qf6 23. Ng4 Qf5 24. Be5+ f6 25. Nh6 Qe6 26. Bd6 {Black resigns} 1-0

[Event "Team 45 45 League T51"]
[Site "Internet Chess Club"]
[Date "2011.12.05"]
[Round "4"]
[White "chiiwen"]
[Black "Chess-Dream"]
[Result "0-1"]
[WhiteElo "2147"]
[BlackElo "2085"]
[Opening "French: Tarrasch"]
[ECO "C03"]
[Time "20:30:25"]
[TimeControl "2700+45"]

1. e4 e6 2. d4 d5 3. Nd2 a6 4. c3 c5 5. Ngf3 Nf6 6. e5 Nfd7 7. Bd3 Nc6 8. O-O g5
9. dxc5 g4 10. Nd4 Ndxe5 11. Nxc6 bxc6 12. Nb3 Nxd3 13. Qxd3 e5 14. Re1 Bg7 15.
Bf4 f6 16. Bg3 O-O 17. Rad1 a5 18. f4 gxf3 19. Qxf3 a4 20. Nd2 Qe7 21. Qe3 Ra5
22. Bf2 Bg4 23. Ra1 f5 24. g3 Qf6 25. Nf1 f4 26. Qd2 Rb5 27. Qc2 fxg3 28. Bxg3
e4 29. Rab1 a3 30. Ne3 Bh3 31. c4 Rxb2 32. Rxb2 axb2 33. cxd5 cxd5 34. c6 d4 35.
Ng2 d3 36. Qc4+ Qe6 37. Qb4 Bxg2 {White resigns} 0-1

[Event "Team 45 45 League T51"]
[Site "Internet Chess Club"]
[Date "2011.12.05"]
[Round "4"]
[White "Legal"]
[Black "gaibo4ever"]
[Result "1/2-1/2"]
[WhiteElo "2025"]
[BlackElo "2111"]
[Opening "King's Indian: London system"]
[ECO "A48"]
[Time "20:01:41"]
[TimeControl "2700+45"]

1. d4 Nf6 2. Nf3 g6 3. Bf4 Bg7 4. e3 O-O 5. Be2 d6 6. O-O Nh5 7. Bg5 h6 8. Bh4
g5 9. Bg3 Nxg3 10. hxg3 Nc6 11. c3 e5 12. dxe5 Nxe5 13. Nxe5 Bxe5 14. Qc2 Be6
15. Nd2 Qd7 16. Nf3 Bg7 17. Rfd1 c5 18. Rd2 Rfd8 19. c4 Qc7 20. Rad1 f5 21. Ne1
Rab8 22. a4 a6 23. Bf3 b5 24. axb5 axb5 25. Bd5 Qf7 26. b3 bxc4 27. Qxc4 Bxd5
28. Rxd5 Rb4 29. Qd3 f4 30. exf4 gxf4 31. gxf4 Rxf4 32. Nf3 Bf8 33. Ne5 Qf5 34.
Rxc5 dxc5 35. Qg3+ Kh7 36. Rxd8 Qxe5 37. Rd7+ Kh8 38. Qg6 Bg7 39. Rd8+ Rf8 40.
Rxf8+ Bxf8 41. Qf7 Bg7 42. g3 Qf6 43. Qd5 Qd4 44. Qf7 Qf6 45. Qd5 Qf8 46. Kg2
Bd4 47. b4 Qxf2+ 48. Kh3 Qf1+ 49. Kg4 Qe2+ 50. Kh3 Qf1+ 51. Kg4 Qd1+ 52. Kh3
cxb4 53. Qd8+ Kh7 54. Qd7+ Kg8 55. Qd8+ Kh7 56. Qd7+ Kg6 57. Qd6+ Kh5 58. Qd5+
Kg6 59. Qd6+ Kf7 60. Qd7+ {Game drawn by mutual agreement} 1/2-1/2

[Event "Team 45 45 League T51"]
[Site "Internet Chess Club"]
[Date "2011.12.05"]
[Round "4"]
[White "NJSKing"]
[Black "LucaTrapani"]
[Result "1-0"]
[WhiteElo "1917"]
[BlackElo "1887"]
[Opening "Pirc: Austrian attack, dragon formation"]
[ECO "B09"]
[Time "19:09:32"]
[TimeControl "2700+45"]

1. e4 d6 2. d4 Nf6 3. Nc3 g6 4. f4 Bg7 5. Nf3 c5 6. dxc5 Qa5 7. Bd3 Qxc5 8. Qe2
Bg4 9. Be3 Qb4 10. Bd2 Nc6 11. Nb5 Qc5 12. Nc7+ Kd7 13. Nxa8 Rxa8 14. Be3 Qa5+
15. c3 a6 16. h3 Be6 17. O-O h6 18. Rfd1 Ke8 19. Nd4 Bd7 20. a4 Qc7 21. b4 e5
22. Nb3 Be6 23. Rab1 exf4 24. Bxf4 Nh5 25. Bd2 Ne5 26. Nd4 Bd7 27. b5 Qc8 28.
Qe3 Kf8 29. Be1 Kg8 30. Rb2 Kh7 31. Rf2 Bf6 32. Nf3 Be6 33. Bf1 Ng3 34. Nxe5
Bxe5 35. Rxf7+ Bxf7 36. Bxg3 axb5 37. Bxe5 dxe5 38. Bxb5 Be8 39. Qf3 Qe6 40. Qf8
b6 41. Rf1 g5 42. Rf6 Bg6 43. Rxg6 Qxg6 44. Qxa8 Qd6 45. Qb7+ Kh8 46. Qc8+
{Black resigns} 1-0

[Event "Team 45 45 League T51"]
[Site "Internet Chess Club"]
[Date "2011.12.02"]
[Round "4"]
[White "Pason"]
[Black "QueensCounselor"]
[Result "1-0"]
[WhiteElo "2074"]
[BlackElo "2131"]
[Opening "Grünfeld: Three knights variation"]
[ECO "D90"]
[Time "13:00:44"]
[TimeControl "2700+45"]

1. d4 Nf6 2. Nf3 g6 3. c4 Bg7 4. Nc3 d5 5. cxd5 Nxd5 6. Na4 Nc6 7. e4 Nb6 8. d5
Ne5 9. Be2 O-O 10. O-O Nxa4 11. Qxa4 Bd7 12. Qb3 Qc8 13. Bf4 Nxf3+ 14. Bxf3 c5
15. Rac1 b6 16. h3 Qa6 17. Rfe1 e5 18. Bg3 Rfe8 19. Be2 Qa4 20. Qxa4 Bxa4 21.
Bg4 Rad8 22. Bh4 Rd6 23. b4 cxb4 24. Rc7 a5 25. Be7 Bf8 26. Bxd6 Bxd6 27. Rb7
Bc5 28. Rc1 Rd8 29. Be2 b3 30. axb3 Bxb3 31. Rxc5 {Black resigns} 1-0

[Event "Team 45 45 League T51"]
[Site "Internet Chess Club"]
[Date "2011.12.03"]
[Round "4"]
[White "fledermaus"]
[Black "expectnomercy"]
[Result "1/2-1/2"]
[WhiteElo "1961"]
[BlackElo "1846"]
[Opening "Nimzo-Indian: classical, 4...c5"]
[ECO "E38"]
[Time "09:00:30"]
[TimeControl "2700+45"]

1. d4 Nf6 2. c4 e6 3. Nc3 Bb4 4. Qc2 c5 5. dxc5 Bxc5 6. Nf3 Nc6 7. Bg5 Be7 8. e3
Qa5 9. Be2 O-O 10. O-O d5 11. cxd5 Nxd5 12. Nxd5 Qxd5 13. Bxe7 Nxe7 14. Rfd1 Qc6
15. Qxc6 Nxc6 16. Rac1 Rd8 17. Rxd8+ Nxd8 18. Rd1 Nc6 19. Ne5 Kf8 20. Nxc6 bxc6
21. Bf3 Ke7 22. Bxc6 Rb8 23. b3 Rb6 24. Ba4 Rd6 25. Rxd6 Kxd6 26. Kf1 Kc5 27. a3
Ba6+ 28. Ke1 e5 29. Kd2 Bf1 30. g3 a5 31. Kc3 f6 32. h4 h6 33. Bd7 Be2 34. Bf5
Ba6 35. Be4 Bb5 36. Bd3 Bc6 37. b4+ axb4+ 38. axb4+ Kb6 39. f4 Bd7 40. Bc4 Bf5
41. Kd2 Be4 42. Ke2 Bc6 43. fxe5 fxe5 44. Kf2 Be4 45. Kg1 Bf3 46. Kh2 g5 47.
hxg5 hxg5 48. Kh3 Bd1 49. Be6 Kb5 50. Bg4 Bb3 51. Be2+ Kxb4 52. Kg4 Kc3 53. Bb5
Kd2 54. e4 Ke3 55. Kf5 Bc2 56. Bc6 Kd4 57. g4 Bd3 58. Kxg5 Bxe4 59. Bxe4 Kxe4
{Game drawn by mutual agreement} 1/2-1/2

[Event "Team 45 45 League T51"]
[Site "Internet Chess Club"]
[Date "2011.12.01"]
[Round "4"]
[White "poni"]
[Black "civilization"]
[Result "1-0"]
[WhiteElo "1907"]
[BlackElo "1801"]
[Opening "English opening"]
[ECO "A05"]
[Time "22:03:34"]
[TimeControl "2700+45"]

1. Nf3 Nf6 2. c4 g6 3. Nc3 d5 4. cxd5 Nxd5 5. e4 Nxc3 6. dxc3 Qxd1+ 7. Kxd1 Bg7
8. Bf4 c6 9. Kc2 Nd7 10. Bc4 b5 11. Bb3 Nc5 12. Rhe1 Bd7 13. a4 Nxb3 14. Kxb3
O-O 15. axb5 cxb5 16. Ra6 Bc8 17. Rc6 Re8 18. Rc7 e5 19. Be3 a6 20. Rd1 Be6+ 21.
Kc2 a5 22. Ng5 Bh6 23. Nxe6 Bxe3 24. fxe3 Rxe6 25. Rf1 f6 26. Rd1 b4 27. cxb4
axb4 28. Kb3 Rb8 29. Rdd7 g5 30. Rg7+ Kh8 31. Rxh7+ Kg8 32. Rhd7 Reb6 33. h3 Ra6
34. g3 Ra1 35. h4 gxh4 36. gxh4 Re1 37. Rg7+ Kh8 38. Rh7+ Kg8 39. Rcg7+ Kf8 40.
Rg3 Re8 41. h5 Re7 42. Rxe7 Kxe7 43. Rh3 Rg1 44. h6 Rg8 45. h7 Rh8 46. Kxb4 Kd6
47. b3 Rb8+ 48. Kc4 Rc8+ 49. Kd3 Rh8 50. b4 Kc6 51. Kc4 Kd6 52. b5 Rc8+ 53. Kb4
Rh8 54. Rh6 Kc7 55. Kc5 Kd7 56. b6 Kc8 57. Kc6 Kb8 58. b7 {Black resigns} 1-0

[Event "Team 45 45 League T51"]
[Site "Internet Chess Club"]
[Date "2011.12.04"]
[Round "4"]
[White "PJ"]
[Black "pkktet"]
[Result "1-0"]
[WhiteElo "1752"]
[BlackElo "1792"]
[Opening "Caro-Kann: Bronstein-Larsen variation"]
[ECO "B16"]
[Time "12:00:21"]
[TimeControl "2700+45"]

1. e4 c6 2. d4 d5 3. Nc3 dxe4 4. Nxe4 Nf6 5. Nxf6+ gxf6 6. g3 Qd5 7. Nf3 Bf5 8.
Bg2 Qe4+ 9. Be3 Qxc2 10. Qxc2 Bxc2 11. Nh4 e6 12. O-O Nd7 13. Rac1 Bg6 14. f4 f5
15. Nf3 O-O-O 16. Nd2 Nb6 17. Nb3 Nd5 18. Kf2 Kb8 19. Rc4 Bg7 20. Rfc1 Rd6 21.
a4 Rhd8 22. Bxd5 Rxd5 23. Nc5 Bxd4 24. b4 Bxe3+ 25. Kxe3 Bh5 26. R1c2 Rd1 27. b5
Re1+ 28. Kf2 Red1 29. Ke3 cxb5 30. axb5 Rb1 31. Nd7+ Ka8 32. Rc8+ Rxc8 33. Rxc8#
{Black checkmated} 1-0

[Event "Team 45 45 League T51"]
[Site "Internet Chess Club"]
[Date "2011.12.04"]
[Round "4"]
[White "tryanything"]
[Black "doublepar"]
[Result "1/2-1/2"]
[WhiteElo "1583"]
[BlackElo "1522"]
[Opening "QGD"]
[ECO "D52"]
[Time "17:54:01"]
[TimeControl "2700+45"]

1. d4 d5 2. Nf3 Nf6 3. c4 e6 4. Nc3 c6 5. Bg5 Nbd7 6. e3 Bd6 7. Rc1 O-O 8. Be2
Re8 9. O-O dxc4 10. Bxc4 h6 11. Bh4 Nf8 12. Ne4 Be7 13. Nxf6+ Bxf6 14. Bxf6 Qxf6
15. Qc2 Ng6 16. Qc3 e5 17. dxe5 Nxe5 18. Nxe5 Qxe5 19. Qxe5 Rxe5 20. Rfd1 Be6
21. Bxe6 Rxe6 22. Rd7 Rb8 23. g3 Kf8 24. Rcd1 Re7 25. Kf1 Rxd7 26. Rxd7 Ke8 27.
Rc7 g5 28. f4 Kf8 29. fxg5 hxg5 30. h4 gxh4 31. gxh4 Kg7 32. Kf2 Kg6 33. h5+
Kxh5 34. Rxf7 Kg6 35. Rd7 Kf6 36. e4 Ke6 37. Rh7 Kd6 38. Ke3 a5 39. Rh6+ Kd7 40.
Rh7+ {Game drawn by mutual agreement} 1/2-1/2

[Event "Team 45 45 League T51"]
[Site "Internet Chess Club"]
[Date "2011.12.04"]
[Round "4"]
[White "radiohead"]
[Black "nanning"]
[Result "1-0"]
[WhiteElo "1396"]
[BlackElo "1497"]
[Opening "Sicilian defense"]
[ECO "B44"]
[Time "08:00:48"]
[TimeControl "2700+45"]

1. e4 c5 2. Nf3 e6 3. d4 cxd4 4. Nxd4 Nc6 5. Be3 Nf6 6. Nc3 a6 7. a3 Qc7 8. f3
Be7 9. Qd2 b5 10. Be2 Ne5 11. O-O-O b4 12. axb4 Bxb4 13. h4 Nc4 14. Bxc4 Qxc4
15. Nde2 Qc7 16. g4 Qa5 17. Kb1 Rb8 18. Qd3 O-O 19. Bd2 d5 20. exd5 Rd8 21. Nd4
Bxc3 22. Qxc3 Qb6 23. Nc6 Nxd5 24. Qb3 Qxb3 25. cxb3 Bd7 26. Nxd8 Rxd8 27. h5
Rb8 28. Ka2 Nb4+ 29. Bxb4 {Black resigns} 1-0

[Event "Team 45 45 League T51"]
[Site "Internet Chess Club"]
[Date "2011.12.03"]
[Round "4"]
[White "JohLeb"]
[Black "SeniorCitizen"]
[Result "0-1"]
[WhiteElo "1449"]
[BlackElo "1351"]
[Opening "QGD: Orthodox defense, Botvinnik variation"]
[ECO "D60"]
[Time "14:00:15"]
[TimeControl "2700+45"]

1. d4 d5 2. c4 e6 3. Nf3 Nf6 4. Bg5 Nbd7 5. Nc3 Be7 6. e3 O-O 7. Bd3 c5 8. cxd5
Nxd5 9. Bxe7 Nxe7 10. O-O cxd4 11. Nxd4 Nf6 12. Ne4 Nxe4 13. Bxe4 Ng6 14. Bxg6
fxg6 15. Qb3 Qd5 16. Rad1 Qxb3 17. Nxb3 b6 18. Rd6 Kf7 19. Rfd1 Ba6 20. f3 Bc4
21. Nc1 Ke7 22. b3 Bd5 23. e4 Kxd6 24. exd5 exd5 25. Nd3 Rac8 26. Nb4 Rc5 27.
Rd2 Rfc8 28. Kf2 a5 29. Nd3 Rc2 30. Ke2 Rxd2+ 31. Kxd2 g5 32. g3 Rf8 33. f4 gxf4
34. Nxf4 g5 35. Nd3 Rf1 36. a4 Rh1 37. Ke3 Rxh2 38. Nf2 Rg2 39. Kf3 Rg1 40. Nh3
Rb1 41. Nxg5 Rxb3+ 42. Kf2 h5 43. Nf3 Rb4 {White resigns} 0-1

[Event "Team 45 45 League T51"]
[Site "Internet Chess Club"]
[Date "2011.12.01"]
[Round "4"]
[White "chips"]
[Black "jjaillet2007"]
[Result "1/2-1/2"]
[WhiteElo "1225"]
[BlackElo "1342"]
[Opening "Queen's pawn game"]
[ECO "D02"]
[Time "20:09:50"]
[TimeControl "2700+45"]

1. Nf3 d5 2. d4 e6 3. e3 c5 4. c3 Nc6 5. g3 Nf6 6. Bg2 Bd6 7. O-O O-O 8. Qd3 Qb6
9. Qd1 cxd4 10. cxd4 Re8 11. a3 e5 12. dxe5 Nxe5 13. Nbd2 Bg4 14. h3 Bh5 15. g4
Bg6 16. Qb3 Nxf3+ 17. Bxf3 Qxb3 18. Nxb3 b6 19. Nd4 Bd3 20. Rd1 Be4 21. Bxe4
dxe4 22. Nb5 Be5 23. Rb1 Red8 24. Nd4 Bxd4 25. exd4 Rd5 26. Be3 h6 27. Rd2 Rc8
28. Kg2 g5 29. Rdd1 Rdd8 30. Rdc1 Nd5 31. Rxc8 Rxc8 32. Kg3 Kg7 33. Rc1 Rxc1 34.
Bxc1 b5 35. Bd2 Kg6 36. Ba5 f5 37. gxf5+ Kxf5 38. Bc3 h5 39. h4 g4 40. Bd2 Nb6
41. Bc3 Na4 42. d5 Nxc3 43. bxc3 Ke5 44. d6 Kxd6 45. Kf4 Kd5 46. Kg5 Kc4 47.
Kxh5 Kxc3 48. Kxg4 Kb3 49. h5 Kxa3 50. h6 b4 51. h7 b3 52. h8=Q b2 53. Qf8+ Kb3
54. Qb8+ Kc2 55. Qc7+ Kb3 56. Qb7+ Kc2 {Game drawn by mutual agreement} 1/2-1/2

[Event "Team 45 45 League T51"]
[Site "Internet Chess Club"]
[Date "2011.12.02"]
[Round "4"]
[White "BrerRabbit"]
[Black "Constrictor"]
[Result "1/2-1/2"]
[WhiteElo "1496"]
[BlackElo "1665"]
[Opening "English: Anglo-Dutch defense"]
[ECO "A10"]
[Time "18:04:40"]
[TimeControl "2700+45"]

1. c4 f5 2. g3 Nf6 3. Bg2 g6 4. Nc3 Bg7 5. d3 e5 6. e4 Nc6 7. Nge2 d6 8. O-O O-O
9. Nd5 fxe4 10. dxe4 Bg4 11. h3 Be6 12. Be3 Qd7 13. Kh2 Rf7 14. Qd2 Raf8 15. b4
a6 16. c5 Ne7 17. Nxe7+ Qxe7 18. cxd6 Qxd6 19. Qxd6 cxd6 20. Nc3 Rc7 21. Nd5 Rc4
22. Nxf6+ Bxf6 23. Rfd1 Be7 24. a3 Rfc8 25. Rdc1 Kf7 {Game drawn by mutual
agreement} 1/2-1/2

[Event "Team 45 45 League T51"]
[Site "Internet Chess Club"]
[Date "2011.12.06"]
[Round "4"]
[White "FractalDante"]
[Black "dscvdchk"]
[Result "1/2-1/2"]
[WhiteElo "1395"]
[BlackElo "1413"]
[Opening "Scandinavian defense"]
[ECO "B01"]
[Time "18:00:14"]
[TimeControl "2700+45"]

1. e4 d5 2. exd5 Nf6 3. Nf3 Nxd5 4. d4 e6 5. c4 Nf6 6. Nc3 c6 7. Be2 Be7 8. O-O
O-O 9. Bf4 Nbd7 10. Qc2 Nh5 11. Be3 Nhf6 12. Rad1 Qa5 13. Bd2 Qd8 14. Bd3 h6 15.
Ne4 Nxe4 16. Bxe4 Nf6 17. Bd3 Qc7 18. Ne5 Bd6 19. Nf3 Ng4 20. h3 Nh2 21. Nxh2
Bxh2+ 22. Kh1 Bf4 23. Bxf4 Qxf4 24. b3 f5 25. Be2 Bd7 26. g3 Qg5 27. Rg1 Qf6 28.
Rde1 Be8 29. Rd1 Bg6 30. Bd3 Rad8 31. g4 Rxd4 32. gxf5 Bxf5 33. Bxf5 Rxd1 34.
Rxd1 Qxf5 35. Qxf5 Rxf5 36. Kg2 Rf7 37. Re1 Re7 38. f3 Kf7 39. Rd1 c5 40. a3 g5
41. b4 cxb4 42. axb4 b6 43. Rd2 Kf6 44. c5 bxc5 45. bxc5 Rc7 46. Rc2 Rc6 47. Kg3
e5 48. Kg4 Kg6 49. h4 h5+ 50. Kh3 a5 51. Rc4 Kf5 52. hxg5 Kxg5 53. Kg3 a4 54.
Rxa4 Rxc5 55. Re4 Ra5 56. f4+ exf4+ 57. Rxf4 Ra3+ 58. Rf3 h4+ 59. Kg2 Ra2+ 60.
Rf2 h3+ 61. Kg3 Rxf2 62. Kxf2 Kg4 63. Kg1 Kg3 64. Kh1 Kh4 65. Kh2 Kg4 66. Kh1
Kg3 67. Kg1 h2+ 68. Kh1 Kh3 {White stalemated} 1/2-1/2